 Dungeon Crawl Stone Soup version 0.17-a0-1020-ge683cc4 (console) character file.

1880 Monkaria the Carver (level 8, -18/60 HPs)
             Began as a Demonspawn Chaos Knight on May 14, 2015.
             Demolished by Pikel
             ... wielding a +2 whip of electrocution
              (20 damage)
             ... on level 7 of the Dungeon.
             The game lasted 00:12:42 (6447 turns).

Monkaria the Carver (Demonspawn Chaos Knight)       Turns: 6447, Time: 00:12:43

Health: -18/60     AC:  9    Str: 13    XL:     8   Next: 91%
Magic:  0/8        EV: 11    Int: 14    God:    Xom [...*..]
Gold:   280        SH:  0    Dex: 14    Spells: 0 memorised, 7 levels left

rFire  . . .     SeeInvis .     a - +1 falchion (chaos)
rCold  + . .     Clarity  .     b - +2 leather armour
rNeg   + . .     SustAb   .     (no shield)
rPois  .         Gourm    .     (no helmet)
rElec  .         Spirit   +     (no cloak)
rCorr  .         Warding  .     (no gloves)
rMut   .         Stasis   .     (no boots)
MR     .....                    x - amulet of guardian spirit
Stlth  ..........               m - ring of positive energy
                                f - ring of loudness (curse)

@: not resistant to hostile enchantments, extremely unstealthy
A: claws 2, iridescent scales 1, agile 1, cold resistance 1, sense surroundings
1, weak 1, rot immunity
a: Renounce Religion


You were on level 7 of the Dungeon.
You worshipped Xom.
You were a favourite toy of Xom.
You were very hungry.

You visited 2 branches of the dungeon, and saw 8 of its levels.

You collected 280 gold pieces.

Inventory:

Hand weapons
 a - a +1 falchion of chaos (weapon)
 l - a +0 blowgun
Missiles
 e - 4 curare-tipped needles
 j - 63 poisoned needles
Armour
 b - a +2 leather armour (worn)
Jewellery
 d - an uncursed amulet of rage
 f - a cursed ring of loudness (left claw)
 m - a ring of positive energy (right claw)
 x - an amulet of guardian spirit (around neck)
Magical devices
 i - a wand of teleportation (0)
 s - a wand of fire (9)
 y - a wand of paralysis (9)
 z - a wand of fire (6)
Scrolls
 p - a scroll of magic mapping {unknown}
 r - a scroll of silence {unknown}
 t - a scroll of immolation {unknown}
 u - a scroll of teleportation {unknown}
 w - a scroll of recharging
 E - a scroll of enchant armour {unknown}
 G - a scroll of vulnerability {unknown}
 H - a scroll of acquirement {unknown}
 I - a scroll of noise {unknown}
 J - a scroll of fog {unknown}
 K - a scroll of remove curse
Potions
 g - 2 potions of curing
 h - a potion of heal wounds
 n - a potion of cure mutation
 o - a potion of invisibility
 q - a potion of ambrosia
 A - a potion of degeneration {unknown}
 C - a potion of brilliance {unknown}
 D - 2 potions of might {unknown}
 F - 2 potions of poison {unknown}
Comestibles
 c - 4 bread rations
 k - 3 meat rations
 v - 2 slices of pizza
 B - a royal jelly


   Skills:
 - Level 4.1 Fighting
 - Level 8.0 Long Blades
 - Level 7.2 Armour
 + Level 1.1 Dodging


You had 7 spell levels left.
You didn't know any spells.

Dungeon Overview and Level Annotations

Branches:
Dungeon (7/15)             Temple (1/1) D:4

Altars:
Ashenzari
Cheibriados
Fedhas
Gozag
Kikubaaqudgha
Makhleb
Nemelex Xobeh
Okawaru
Qazlal
Ru
Trog
Vehumet
Xom
Yredelemnul
Zin

Shops:
D:6 %

Annotations:
D:7 Pikel


Innate Abilities, Weirdness & Mutations

You have very sharp fingernails.
You are partially covered in iridescent scales (AC +4).
Your flesh is cold resistant.
You are immune to rotting.
You are agile. (Dex +2)
You passively map a small area around you.
You are weak. (Str -2)


Message History

Unknown command.
Unknown command.
Unknown command.
Unknown command.
You hit Pikel but do no damage.
There is a sudden explosion of sparks!
Pikel is severely wounded.
Pikel hits you with a whip of electrocution!
You barely miss Pikel.
Pikel is severely wounded.
Pikel hits you with a whip of electrocution!
* * * LOW HITPOINT WARNING * * *
You hit Pikel but do no damage.
Pikel is severely wounded.
Pikel hits you with a whip of electrocution!
* * * LOW HITPOINT WARNING * * *
Pikel hits you with a whip of electrocution!
* * * LOW HITPOINT WARNING * * *
You are electrocuted!
You die...
Xom giggles madly!

* ##..........#.#
#.............#
#......(......####
#.$...........#.#
#...............#
######
*#..............#
##....##
#.....[.......#
.......##
#...<@K.......#
>.......#
##............##
........##
#.............#
.........##
##............#
..........##
##...........##
...........##
#............#
............#
##.......#####
.........<..##
##..#.###
.............#
###.##


You could see the neutral Pikel (insane).

Vanquished Creatures
  The ghost of Tarnath the Skirmisher, an average MiMo (D:4)
  2 slaves
  Duvessa (D:4)
  A black bear (D:5)
  A sky beast (D:7)
  2 ogres
  2 phantoms
  A centaur (D:6)
  A big kobold (D:7)
  Dowan (D:4)
  A scorpion (D:6)
  A crimson imp (D:5)
  An orc priest (D:4)
  6 worker ants
  An iguana (D:7)
  An orc wizard (D:5)
  A hound zombie (D:7)
  A hound skeleton (D:7)
  A worker ant zombie (D:7)
  8 adders
  3 shadow imps
  An adder skeleton (D:4)
  3 worms (D:2)
  6 giant geckos
  10 orcs
  11 bats
  2 bat skeletons
  A bat zombie (D:6)
  8 giant cockroaches
  15 hobgoblins
  4 jackals (D:3)
  4 quokkas
  A ball python (D:4)
  2 giant newts
  9 goblins
  17 kobolds
  8 rats
140 creatures vanquished.

Vanquished Creatures (collateral kills)
  A centaur skeleton (D:7)
  2 slaves
  A crimson imp (D:7)
  A hobgoblin (D:7)
5 creatures vanquished.

Vanquished Creatures (others)
  An orc wizard (D:5)
1 creature vanquished.

Grand Total: 146 creatures vanquished

Notes
Turn   | Place    | Note
--------------------------------------------------------------
     0 | D:1      | Monkaria the Demonspawn Chaos Knight began the quest for the Orb.
     0 | D:1      | Reached XP level 1. HP: 18/18 MP: 1/1
   217 | D:1      | Gained mutation: You are partially covered in iridescent scales (AC +4). [demonic ancestry]
   217 | D:1      | Reached XP level 2. HP: 12/24 MP: 2/2
   391 | D:1      | XOM: harmless Air miscast
   452 | D:1      | Reached skill level 4 in Fighting
   619 | D:2      | Found a snail-covered altar of Cheibriados.
   646 | D:2      | Gained mutation: You have sharp fingernails. [demonic ancestry]
   646 | D:2      | Reached XP level 3. HP: 30/30 MP: 3/3
  1125 | D:2      | Reached XP level 4. HP: 25/37 MP: 4/4
  1200 | D:2      | XOM: harmless Erth miscast
  1570 | D:3      | XOM: mild Hex miscast
  1961 | D:3      | Gained mutation: You have very sharp fingernails. [demonic ancestry]
  1961 | D:3      | Reached XP level 5. HP: 42/42 MP: 5/5
  2206 | D:4      | XOM: 4-stop teleportation journey
  2238 | D:4      | Noticed an ogre
  2239 | D:4      | Found a staircase to the Ecumenical Temple.
  2244 | D:4      | Killed an ogre
  2244 | D:4      | Reached skill level 5 in Long Blades
  2244 | D:4      | Gained mutation: Your flesh is cold resistant. [demonic ancestry]
  2244 | D:4      | Reached XP level 6. HP: 34/48 MP: 6/6
  2260 | Temple   | Entered the Ecumenical Temple
  2413 | D:4      | Noticed Duvessa
  2416 | D:4      | Noticed Dowan
  2432 | D:4      | Killed Duvessa
  2432 | D:4      | Reached skill level 6 in Long Blades
  2519 | D:4      | Noticed Tarnath's ghost (average MiMo)
  2528 | D:4      | XOM: swap monsters
  2549 | D:4      | XOM: potion effect (berserk rage)
  2551 | D:4      | XOM: 7-stop teleportation journey
  2567 | D:4      | Killed Dowan
  2610 | D:4      | XOM: silly message
  2665 | D:4      | XOM: swap monsters
  2666 | D:4      | XOM: swap monsters
  2687 | D:4      | Killed Tarnath's ghost
  2687 | D:4      | Reached skill level 7 in Long Blades
  2687 | D:4      | Reached XP level 7. HP: 50/54 MP: 7/7
  2765 | D:4      | Found an ancient bone altar of Kikubaaqudgha.
  2765 | D:4      | Found a burning altar of Makhleb.
  2769 | D:4      | XOM: vitrification
  2796 | D:4      | Found a bloodstained altar of Trog.
  2962 | D:4      | XOM: 1-stop teleportation journey
  3144 | D:4      | XOM: 3-stop teleportation journey
  3145 | D:4      | XOM: god gift: 13 gold pieces
  3258 | D:5      | Entered Level 5 of the Dungeon
  3282 | D:4      | XOM: torment (31/54 hp)
  3571 | D:5      | Reached skill level 8 in Long Blades
  3909 | D:5      | XOM: 4-stop teleportation journey
  4009 | D:5      | XOM: mild Summ miscast
  4274 | D:5      | Gained mutation: You are immune to rotting. [demonic ancestry]
  4274 | D:5      | Reached XP level 8. HP: 60/60 MP: 8/8
  4312 | D:5      | XOM: god gift: war axe {god gift}
  4367 | D:6      | XOM: medium Tloc miscast
  4428 | D:6      | XOM: harmless Summ miscast
  4564 | D:6      | XOM: potion effect (brilliance)
  4904 | D:6      | Found a blossoming altar of Fedhas.
  4916 | D:6      | Found Byint's Food Shop.
  5601 | D:7      | Noticed Pikel
  5630 | D:6      | XOM: summons friendly white imp
  5750 | D:7      | XOM: divination: detect items
  5755 | D:7      | XOM: summons 8 friendly demons
  5757 | D:7      | Reached skill level 5 in Armour
  5817 | D:7      | XOM: confusion
  5947 | D:7      | XOM: butterfly on damage
  6114 | D:7      | Found a shattered altar of Ashenzari.
  6114 | D:7      | Found a bloodstained altar of Trog.
  6162 | D:7      | Noticed a centaur skeleton
  6166 | D:7      | XOM: summons 3 friendly demons
  6174 | D:7      | Killed a centaur skeleton
  6187 | D:7      | XOM: mild Chrm miscast
  6320 | D:7      | XOM: god gift: scroll labeled LYXIUDW LARUAPN
  6339 | D:7      | XOM: confuse monster(s)
  6347 | D:7      | Reached skill level 1 in Dodging
  6357 | D:7      | Gained mutation: You are frail (-10% HP). [potion of mutation]
  6357 | D:7      | Gained mutation: You are agile. (Dex +2) [potion of mutation]
  6357 | D:7      | Gained mutation: Your mind is acute. (Int +2) [potion of mutation]
  6358 | D:7      | Gained mutation: You passively map a small area around you. [potion of mutation]
  6358 | D:7      | Gained mutation: You are weak. (Str -2) [potion of mutation]
  6358 | D:7      | Lost mutation: Your mind is acute. (Int +2) [potion of mutation]
  6359 | D:7      | Gained mutation: You have a pair of small horns on your head. [potion of mutation]
  6359 | D:7      | Lost mutation: You have a pair of small horns on your head. [potion of mutation]
  6359 | D:7      | Lost mutation: You are frail (-10% HP). [potion of mutation]
  6432 | D:7      | XOM: cast spell 'Discord'
  6447 | D:7      | HP: 2/60 [Pikel/whip of electrocution (9)]
  6447 | D:7      | Demolished by Pikel

Vault maps used:
D:1:      onia_arrival_larder
D:2:      lemuel_doored_altar
D:3:      portal_sewer_entry_d
D:4:      minitemple, minmay_temple_entry_trees, first_bread,
          trog_hazing_becter, uniq_duvessa
D:5:      black_bear_nest_2
D:6:      fedhas_altar_1, serial_shops, shop
D:7:      gammafunk_temple_overflow_statue, the_bakery, uniq_joseph, uniq_pikel
Temple:   jpeg_temple_clearing_9

Action                   |  1- 3 |  4- 6 |  7- 9 || total
-------------------------+-------+-------+-------++-------
Melee: Falchion          |   138 |   204 |   330 ||   672
  Use: Scroll            |       |    10 |     3 ||    13
       Potion            |       |       |     6 ||     6
 Stab: Paralysed         |     2 |     3 |       ||     5
       Petrifying        |     1 |       |       ||     1
       Confused          |       |     5 |       ||     5
       Distracted        |       |       |     1 ||     1
  Eat: Chunk             |     1 |     4 |     9 ||    14
       Royal jelly       |       |       |     2 ||     2
